Map: Ruins of Seras

Players

건우 - Winner!

  • Race: Zerg Zerg
  • League: Silver

Nero

  • Race: Protoss Protoss

VOD

Have the link to the VOD?

Description

Time

  • Played on: Jan. 5, 2016, 4:51 a.m.
  • Length: 11:19
Show
View Real Time Build Order
Export as new Build Order

건우 Zerg - Winner!

Build Orders: Hatch First 

Get SALT Encoding   

  12  0:01  Drone  
  13  0:08  Drone  
  14  0:14  Extractor  
  14  0:16  Drone  
  14  0:28  Overlord  
  15  0:31  Overlord  
  15  0:54  Hatchery  
  14  0:57  Drone  
  14  1:02  Drone  
  16  1:05  Drone  
  17  1:12  Drone  
  18  1:19  Extractor, Drone  
  18  1:30  Drone  
  19  1:34  Spawning Pool  
  18  1:41  Drone  
  19  1:51  Drone  
  20  2:02  Drone  
  20  2:06  Drone  
  22  2:13  Drone  
  23  2:16  Drone  
  23  2:20  Queen  
  23  2:22  Queen  
  28  2:23  Drone  
  28  2:27  Metabolic Boost  
  29  2:31  Drone  
  29  2:34  Drone  
  31  2:37  Drone  
  32  2:45  Drone  
  32  2:48  Drone  
  34  2:57  Overlord  
  34  2:58  Lair  
  34  3:03  Zergling x2  
  35  3:07  Extractor  
  35  3:09  Extractor  
  35  3:10  Extractor  
  35  3:11  Overlord  
  35  3:12  Overlord  
  32  3:17  Zergling x2  
  33  3:20  Zergling x2  
  34  3:28  Zergling x2  
  35  3:36  Zergling x8  
  35  3:41  Hatchery  
  38  3:50  Drone x5  
  43  3:57  Drone  
  43  4:12  Spore Crawler  
  43  4:16  Spore Crawler  
  38  4:19  Drone x3  
  38  4:20  Drone  
  38  4:22  Spore Crawler  
  38  4:23  Spore Crawler  
  33  4:37  Drone x2  
  35  4:39  Drone  
  35  4:43  Drone  
  37  4:56  Queen  
  39  5:03  Drone x2  
  41  5:10  Drone x3  
  44  5:23  Spire  
  44  5:26  Drone  
  44  5:48  Spire  
  43  5:54  Drone x5  
  43  5:55  Drone  
  49  5:59  Extractor  
  48  6:05  Drone x3  
  51  6:13  Drone x3  
  54  6:21  Drone x3  
  54  6:22  Drone  
  58  6:26  Drone x2  
  58  6:28  Drone  
  61  6:33  Drone  
  61  6:36  Drone x2  
  61  6:37  Drone  
  65  6:40  Drone  
  65  6:41  Extractor  
  65  6:47  Drone  
  65  6:50  Zerg Flyer Armor Level 1  
  66  6:59  Overlord x3  
  66  7:01  Overlord  
  66  7:17  Queen  
  68  7:22  Overseer  
  68  7:23  Overseer  
  69  7:30  Drone x3  
  69  7:34  Mutalisk x4  
  69  7:35  Mutalisk x5  
  89  7:40  Overseer  
  89  7:43  Overseer  
  89  7:44  Mutalisk  
  89  7:45  Mutalisk x2  
  95  7:52  Hydralisk Den, Drone  
  95  7:53  Drone x2  
  95  7:54  Drone  
  98  8:05  Overlord x2  
  98  8:11  Overlord x3  
  96  8:20  Mutalisk  
  98  8:27  Mutalisk x2  
  98  8:28  Mutalisk x6  
  114  8:40  Mutalisk x3  
  120  8:53  Mutalisk x3  
  122  9:00  Mutalisk  
  124  9:18  Mutalisk x2  
  124  9:19  Mutalisk  
  130  9:29  Hatchery  
  129  9:49  Mutalisk x5  
  137  9:58  Mutalisk  
  137  10:05  Overlord x3  
  135  10:30  Mutalisk x5  
  135  10:31  Mutalisk  
  143  10:43  Mutalisk x2  
  140  10:55  Mutalisk x2  
Show
View Real Time Build Order
Export as new Build Order

Nero Protoss 

Build Orders: Oracle Opening 

Get SALT Encoding   

  12  0:01  Probe (Chrono Boost)  
  13  0:15  Pylon  
  13  0:18  Probe (Chrono Boost)  
  14  0:29  Probe (Chrono Boost)  
  15  0:36  Gateway  
  15  0:41  Probe (Chrono Boost)  
  16  0:46  Assimilator  
  16  0:52  Probe (Chrono Boost)  
  17  1:02  Probe (Chrono Boost)  
  18  1:13  Probe (Chrono Boost)  
  18  1:17  Pylon  
  19  1:25  Cybernetics Core  
  19  1:29  Zealot  
  19  1:31  Probe (Chrono Boost)  
  22  1:37  Assimilator  
  22  1:41  Probe (Chrono Boost)  
  23  1:52  Probe (Chrono Boost)  
  24  2:07  Stargate  
  24  2:09  Probe (Chrono Boost)  
  24  2:12  Zealot  
  27  2:26  Mothership Core (Chrono Boost)  
  29  2:39  Zealot  
  29  2:40  Pylon  
  29  2:42  Gateway  
  31  2:58  Oracle (Chrono Boost)  
  34  3:05  Warp Gate (Chrono Boost)  
  34  3:06  Zealot  
  35  3:44  Nexus  
  35  3:47  Pylon  
  35  3:51  Assimilator  
  35  4:39  Sentry x2  
  35  4:43  Probe  
  40  4:49  Gateway  
  40  4:52  Gateway  
  40  4:55  Robotics Facility, Probe x2  
  42  5:05  Probe  
  42  5:07  Probe  
  44  5:15  Pylon  
  44  5:17  Pylon  
  44  5:18  Phoenix  
  44  5:20  Pylon  
  46  5:26  Probe  
  46  5:27  Probe  
  48  5:32  Assimilator  
  48  5:37  Probe  
  48  5:40  Probe  
  50  5:47  Probe  
  50  5:48  Pylon  
  51  5:52  Pylon  
  51  5:57  Probe  
  51  5:58  Probe  
  54  6:04  Warp Prism  
  54  6:08  Probe  
  54  6:09  Probe  
  57  6:15  Zealot  
  57  6:16  Sentry  
  57  6:17  Sentry  
  63  6:21  Probe, Zealot  
  66  6:31  Probe  
  66  6:33  Probe  
  68  6:42  Forge, Probe  
  68  6:46  Forge  
  69  7:06  Adept x4  
  77  7:08  Immortal  
  77  7:12  Pylon  
  81  7:15  Robotics Bay  
  81  7:18  Probe  
  82  7:27  Protoss Ground Weapons Level 1, Protoss Ground Armor Level 1  
  82  7:52  Zealot x4  
  90  8:14  Stalker x4  
  90  8:17  Phoenix (Chrono Boost)  
  92  8:30  Pylon  
  92  8:32  Probe  
  93  8:40  Phoenix (Chrono Boost)  
  94  8:43  Probe  
  86  8:59  Stalker x3  
  86  9:00  Stalker  
  94  9:20  Phoenix (Chrono Boost)  
  94  9:22  Warp Prism  
  98  9:24  Stalker  
  98  9:25  Stalker x3  
  98  9:42  Phoenix (Chrono Boost)  
  93  10:16  Photon Cannon  
  93  10:18  Photon Cannon  
  91  10:46  Pylon  
Tags
 
Add a new tag
Caveats
  • Supply blocks, unpowered buildings, or Contaminate may cause inaccurate times.
  • Supply counts are checked every 10 seconds.